AoeStats
← LtArtemisYo

Arena

510913769Analyzed
3v3 RM · 4h ago on Oct 3, 2026· 108m 21s· 6 players
Game mode
Random Map
Map size
Normal (6 player)
Population
200
Speed
Normal
Resources
Standard
Victory
Conquest
Starting age
Dark Age
Ending age
Imperial Age
RankedLock teamsTeams togetherTeam positionsShared explorationLock speedFull tech treeHidden civsTurbo modeCheats
Victory
Defeat
🇺🇸 Britons · United States
1116
+10
🇺🇸 Khmer · United States
1115
+10
🇺🇸 Japanese · United States
872
+19
🇦🇷 Byzantines · Argentina
999
-14
🇦🇷 Khmer · Argentina
962
-13
🇦🇷 Lithuanians · Argentina
939
-12
DON JULIO
11:17 Feudal Age
13:02 Loom
16:08 Castle Age
15:45 Double-Bit Axe
18:07 Pikeman
19:24 Bow Saw
21:21 Husbandry
24:32 Horse Collar
25:47 Bloodlines
26:13 Scale Barding Armor
26:23 Forging
31:02 Chain Barding Armor
31:18 Iron Casting
30:42 Elite Skirmisher
32:49 Fletching
33:01 Padded Archer Armor
33:36 Bodkin Arrow
37:48 Imperial Age
35:29 Murder Holes
35:56 Thumb Ring
44:05 Conscription
45:00 Bracer
47:51 Plate Barding Armor
47:41 Cavalier
49:36 Leather Archer Armor
51:22 Chemistry
50:44 Ballistics
54:56 Heavy Plow
60:01 Ring Archer Armor
62:59 Paladin
71:51 Wheelbarrow
80:22 Light Cavalry
PAPA FRANCISCO
11:03 Feudal Age
13:51 Castle Age
12:12 Double-Bit Axe
12:29 Horse Collar
19:14 Bow Saw
19:09 Heavy Plow
18:59 Town Watch
24:23 Fletching
25:46 Wheelbarrow
30:15 Imperial Age
27:49 Bodkin Arrow
30:06 Scale Barding Armor
30:13 Forging
30:40 Loom
31:12 Hand Cart
30:59 Town Patrol
30:33 Heavy Scorpion
31:50 Double Crossbow
32:42 Bracer
34:04 Conscription
33:56 Gold Mining
39:59 Chain Barding Armor
40:15 Iron Casting
40:54 Light Cavalry
41:45 Bloodlines
41:36 Husbandry
42:21 Hussar
44:12 Plate Barding Armor
44:38 Blast Furnace
60:02 Elite Battle Elephant
TOMASMILONGA
10:52 Feudal Age
13:01 Loom
15:40 Castle Age
14:30 Horse Collar
14:44 Double-Bit Axe
19:28 Heavy Plow
21:21 Bow Saw
23:50 Fletching
25:00 Crossbowman
40:26 Gold Mining
41:45 Wheelbarrow
47:01 Gold Shaft Mining
47:06 Thumb Ring
51:41 Imperial Age
56:11 Scale Mail Armor
56:21 Forging
56:12 Pikeman
59:23 Halberdier
64:31 Elite Skirmisher
68:59 Scale Barding Armor
69:30 Iron Casting
69:10 Chain Mail Armor
70:16 Conscription
71:00 Husbandry
71:46 Light Cavalry
74:07 Chain Barding Armor
78:53 Hussar
80:44 Plate Barding Armor
81:16 Hussar
85:00 Chemistry
84:21 Ballistics
100:10 Crop Rotation
LtArtemisYo
10:21 Feudal Age
14:46 Castle Age
12:47 Double-Bit Axe
16:20 Crossbowman
17:20 Fletching
20:50 Horse Collar
22:32 Bow Saw
22:55 Loom
23:24 Padded Archer Armor
23:50 Gold Mining
26:25 Heavy Plow
28:47 Wheelbarrow
28:36 Bodkin Arrow
28:56 Leather Archer Armor
30:38 Ballistics
33:24 Imperial Age
33:30 Imperial Age
31:20 Hand Cart
33:06 Gold Shaft Mining
32:30 Town Watch
34:21 Yeomen
34:20 Bracer
35:30 Arbalester
37:57 Yeomen
41:58 Siege Engineers
42:54 Chemistry
43:19 Conscription
45:09 Two-Man Saw
47:05 Warwolf
47:36 Masonry
49:47 Husbandry
49:09 Light Cavalry
50:21 Ring Archer Armor
50:03 Forging
49:58 Scale Barding Armor
54:11 Caravan
54:29 Murder Holes
55:10 Architecture
56:29 Fortified Wall
58:50 Town Patrol
60:18 Sappers
61:24 Hoardings
61:01 Treadmill Crane
92:20 Iron Casting
92:05 Chain Barding Armor
LtPeppersYo
10:21 Feudal Age
14:23 Castle Age
12:29 Double-Bit Axe
13:34 Horse Collar
14:48 Light Cavalry
15:24 Loom
18:20 Wheelbarrow
20:59 Bloodlines
21:02 Forging
24:04 Scale Barding Armor
24:35 Iron Casting
24:08 Husbandry
26:10 Gold Mining
26:36 Heavy Plow
26:49 Bow Saw
29:14 Chain Barding Armor
30:15 Pikeman
31:53 Hand Cart
38:24 Imperial Age
36:13 Fletching
38:27 Hussar
38:27 Cavalier
40:19 Ballistics
41:00 Chemistry
40:08 Stone Mining
40:55 Gold Shaft Mining
40:18 Onager
41:49 Hussar
44:39 Crop Rotation
47:19 Plate Barding Armor
47:45 Blast Furnace
46:43 Town Watch
46:26 Halberdier
47:41 Padded Archer Armor
47:43 Scale Mail Armor
48:31 Cavalier
50:07 Coinage
49:38 Caravan
55:20 Chain Mail Armor
55:21 Leather Archer Armor
55:17 Siege Engineers
55:09 Murder Holes
55:24 Fortified Wall
55:26 Masonry
61:17 Devotion
61:41 Elite Battle Elephant
70:28 Capped Ram
77:53 Tusk Swords
88:22 Elite Skirmisher
100:11 Town Patrol
LtDripuyomiYo
13:05 Feudal Age
16:59 Castle Age
22:39 Forging
22:30 Scale Mail Armor
41:50 Iron Casting
41:31 Chain Mail Armor
41:15 Double-Bit Axe
41:13 Horse Collar
42:14 Bow Saw
42:08 Heavy Plow
49:06 Imperial Age
46:27 Town Watch
46:32 Loom
48:03 Stone Mining
50:05 Pikeman
50:32 Gambesons
50:48 Squires
51:15 Elite Samurai
52:43 Halberdier
54:28 Elite Skirmisher
55:22 Fletching
55:32 Padded Archer Armor
56:33 Blast Furnace
56:04 Plate Mail Armor
56:15 Wheelbarrow
57:03 Gold Mining
60:50 Leather Archer Armor
60:31 Bodkin Arrow
62:32 Chemistry
63:23 Gold Shaft Mining
63:52 Fortified Wall
64:48 Two-Man Saw
63:52 Town Patrol
64:08 Hand Cart
65:04 Thumb Ring
77:15 Arson
81:00 Ballistics
90:36 Scale Barding Armor
90:37 Light Cavalry
91:28 Bloodlines
94:59 Chain Barding Armor
107:39 Bracer
108:10 Ring Archer Armor
107:23 Cavalier
108:05 Husbandry
Connection lost

Rejoining the realm…

Still unreachable

The connection could not be restored.

Session expired

The server has moved on; the page needs a fresh start.